 Dungeon Crawl Stone Soup version 0.14-a0-1590-g25a9b7f (webtiles) character file.

851 ReteAZ the Archer (level 7, -3/46 HPs)
             Began as a High Elf Wanderer on Dec 23, 2013.
             Slain by a gnoll
             ... wielding a +0,+0 spear
              (4 damage)
             ... on Level 4 of the Dungeon.
             The game lasted 00:13:13 (3481 turns).

ReteAZ the Archer (High Elf Wanderer)               Turns: 3481, Time: 00:13:13

HP  -3/46        AC  5     Str 14      XL: 7   Next: 20%
MP  20/20        EV  9     Int 13      God:
Gold 240         SH  0     Dex 17      Spells:  0 memorised, 13 levels left

rFire  . . .     SeeInvis +     a - +3,+1 elf bow
rCold  . . .     Clarity  .     b - +0 elf ring mail
rNeg   . . .     Conserve .     (no shield)
rPois  .         rCorr    .     (no helmet)
rElec  .         rRot     .     (no cloak)
SustAb . .       Spirit   .     (no gloves)
rMut   .         Warding  .     (no boots)
Saprov . . .     Stasis   .     (no amulet)
                                (no ring)
                                x - ring of see invisible

@: slightly resistant to hostile enchantments, very unstealthy
A: no striking features
a: no special abilities


You were on level 4 of the Dungeon.
You were not hungry.

You visited 1 branch of the dungeon, and saw 4 of its levels.

You collected 240 gold pieces.

Inventory:

Hand weapons
 a - a +3,+1 elven bow (weapon)
 n - a +3,+0 elven short sword of holy wrath
 q - a +0,+1 mace of protection
 r - a cursed -2,-2 hand axe
Missiles
 c - 46 arrows (quivered)
Armour
 b - a +0 elven ring mail (worn)
Comestibles
 d - 2 bread rations
 f - 2 apples
 z - a beef jerky
 B - a meat ration
 E - 4 chunks of gnoll flesh
 H - 2 rotting chunks of orc flesh
 I - 3 chunks of orc flesh
Scrolls
 g - 4 scrolls of remove curse
 h - 5 scrolls of identify
 j - 3 scrolls of enchant armour {unknown}
 l - a scroll of curse jewellery {unknown}
 m - a scroll of blinking {unknown}
 o - 5 scrolls of magic mapping {unknown}
 t - 2 scrolls of random uselessness {unknown}
 v - a scroll of enchant weapon II {unknown}
 w - a scroll of curse armour {unknown}
Jewellery
 x - a ring of see invisible (left hand)
Potions
 e - a potion of heal wounds
 i - 2 potions of confusion {unknown}
 k - a potion of restore abilities {unknown}
 p - a potion of curing
 s - a potion of paralysis {unknown}
 u - a potion of speed {unknown}
 A - a potion of beneficial mutation {unknown}
 C - a potion of brilliance {unknown}
 D - a potion of agility {unknown}
 F - 2 potions of degeneration {unknown}
 G - a potion of poison {unknown}


   Skills:
 - Level 3.0 Fighting
 - Level 0.2 Short Blades
 - Level 0.1 Maces & Flails
 + Level 10.1 Bows
 - Level 0.6 Armour
 - Level 1.0 Dodging
 - Level 0.5 Stealth
 - Level 3.6 Spellcasting
   Level 2.0 Invocations


You had 13 spell levels left.
You didn't know any spells.

Dungeon Overview and Level Annotations

Branches:
Dungeon (4/16)
 Temple: D:4-7

Altars:
Ashenzari
Kikubaaqudgha
Nemelex Xobeh
Sif Muna
Trog


Message History

Firing (i - inventory):
c - 49 arrows (quivered)
Press: ? - help, Shift-Dir - straight line, f/p - gnoll
Aim: a gnoll, wielding a spear (moderately wounded)
You shoot an arrow. The arrow hits the gnoll.
The gnoll is heavily wounded.
The gnoll hits you from afar with a spear.
* * * LOW HITPOINT WARNING * * *
Firing (i - inventory):
c - 48 arrows (quivered)
Press: ? - help, Shift-Dir - straight line, f/p - gnoll
Aim: a gnoll, wielding a spear (heavily wounded)
You shoot an arrow. The arrow hits the gnoll.
The gnoll is severely wounded.
The gnoll hits you from afar with a spear.
* * * LOW HITPOINT WARNING * * *
Firing (i - inventory):
c - 47 arrows (quivered)
Press: ? - help, Shift-Dir - straight line, f/p - gnoll
Aim: a gnoll, wielding a spear (severely wounded)
You shoot an arrow. The arrow misses the gnoll.
The gnoll hits you from afar with a spear.
You die...

.....#.%.......#
.....###.......#
##)### #.......#
##.# ##'######
...# #..# .###
##(#### '#####
#.())#### .....#
####....# .....#
####@# .....#
#....g)..#
.....#
+....?...#
.....+
#(.......#
.....#
#........#
.....# ........#
.....# #+######
###### # ##


You could see a gnoll.

Vanquished Creatures
  A phantom (D:4)
  An orc warrior (D:3)
  An ogre (D:4)
  A hound (D:4)
  An orc priest (D:3)
  A scorpion (D:4)
  2 orc wizards (D:4)
  A gnoll shaman (D:4)
  4 gnolls (D:4)
  2 giant mites
  4 adders
  A worm (D:2)
  A giant gecko (D:4)
  2 oozes
  20 orcs
  8 giant cockroaches
  6 goblins
  7 hobgoblins
  8 jackals
  4 quokkas
  7 bats
  3 giant newts
  11 kobolds
  5 rats
102 creatures vanquished.

Vanquished Creatures (others)
  A human (D:4)
1 creature vanquished.

Grand Total: 103 creatures vanquished

Notes
Turn   | Place    | Note
--------------------------------------------------------------
     0 | D:1      | ReteAZ, the High Elf Wanderer, began the quest for the Orb.
     0 | D:1      | Reached XP level 1. HP: 16/16 MP: 6/6
   286 | D:1      | Reached XP level 2. HP: 21/21 MP: 8/8
   518 | D:1      | Reached skill level 4 in Bows
   700 | D:1      | Found a sparkling altar of Nemelex Xobeh.
   732 | D:2      | Reached XP level 3. HP: 17/26 MP: 11/11
   863 | D:2      | Found a bloodstained altar of Trog.
   908 | D:2      | Found a shattered altar of Ashenzari.
  1015 | D:2      | Reached skill level 5 in Bows
  1599 | D:3      | Reached XP level 4. HP: 31/31 MP: 14/14
  1863 | D:3      | Reached skill level 6 in Bows
  2099 | D:3      | Reached skill level 1 in Dodging
  2099 | D:3      | Reached XP level 5. HP: 36/36 MP: 15/15
  2342 | D:4      | Reached skill level 7 in Bows
  2455 | D:4      | Found an ancient bone altar of Kikubaaqudgha.
  2456 | D:4      | Noticed a human
  2459 | D:4      | Killed a human
  2560 | D:4      | Noticed an orc warrior
  2560 | D:4      | Noticed an ogre
  2597 | D:3      | Killed an orc warrior
  2597 | D:3      | Reached XP level 6. HP: 8/42 MP: 18/18
  2878 | D:4      | Reached skill level 8 in Bows
  2935 | D:4      | Noticed a phantom
  2949 | D:4      | Killed a phantom
  3014 | D:4      | Noticed an ogre
  3017 | D:4      | Killed an ogre
  3017 | D:4      | Reached skill level 9 in Bows
  3142 | D:4      | Found a deep blue altar of Sif Muna.
  3251 | D:4      | Reached XP level 7. HP: 28/46 MP: 20/20
  3447 | D:4      | Reached skill level 10 in Bows
  3480 | D:4      | HP: 1/46 [gnoll/spear (6)]
  3481 | D:4      | Slain by a gnoll

Action                   |  1- 3 |  4- 6 |  7- 9 || total
-------------------------+-------+-------+-------++-------
Melee: Short sword       |     5 |       |       ||     5
       Mace              |     2 |    20 |    22 ||    44
 Fire: Bow               |    98 |   114 |    26 ||   238
  Use: Potion            |       |     1 |       ||     1
       Scroll            |       |     3 |       ||     3
